cohdb
Replays
Latest Replays
All Replays
Popular Replays
Top Player Replays
Match Explorer
How It Works
Community
CoH3 Stats
Reddit
Sign in to upload your games and track your stats! →
Sign in with Steam
Match 32553735
Unlisted
Match 32553735
Overview
Messages
Build Orders
End
Kradschützen Motorcycle Team
Selects Battlefield Espionage Battlegroup
Panzergrenadier Squad
Panzergrenadier Squad
Panzergrenadier Squad
Construct Light Support Kompanie
2.5-tonne Medical Truck
Selects Intel Disruption Beacon
Fire Support Elements
Selects 250/3 Funkpanzerwagen
Panzerjäger Mechanized Group
Flakvierling Half-track
Pak 38 Anti-tank Gun Team
Veteran Squad Leaders
Selects Advanced Ambush Training
Construct Panzerarmee Kommand
Armored Reserves
Selects Plunder
Selects Disruption Operation
Доктор Гувер[POINTRUNNER]
MaXiS
GeeNo
Cular13
0
0
Comments
sign in to comment!
No comments posted yet!